 Dungeon Crawl Stone Soup version 0.29-a0-870-g2c972031a6 (webtiles) character file.

Game seed: 4986995224469193855

22 HoaS the Shooter (level 2, 0/17 HPs)
             Began as a Tengu Hunter on July 17, 2022.
             Killed from afar by Natasha (7 damage)
             ... with a magic dart
             ... on level 1 of the Dungeon.
             The game lasted 00:01:56 (1558 turns).

HoaS the Shooter (Tengu Hunter)                     Turns: 1558, Time: 00:01:56

Health: 0/17       AC:  4    Str: 11    XL:     2   Next: 91%
Magic:  3/3        EV: 12    Int:  9    God:
Gold:   51         SH:  0    Dex: 17    Spells: 1/1 levels left

rFire   . . .      SeeInvis .   a - +0 shortbow
rCold   . . .      Faith    .   (shield currently unavailable)
rNeg    . . .      Spirit   .   c - +0 leather armour
rPois   .          Reflect  .   (helmet restricted)
rElec   .          Harm     .   (no cloak)
rCorr   .          Rampage  .   h - +0 pair of gloves
Will    .....                   (boots unavailable)
Stlth   ++........              (no amulet)
HPRegen 0.05/turn               (no ring)
MPRegen 0.08/turn               (no ring)

@: no status effects
A: beak, talons 3
a: no special abilities


You were on level 1 of the Dungeon.
You visited 1 branch of the dungeon, and saw 2 of its levels.

You collected 51 gold pieces.

Inventory:

Hand Weapons
 a - a +0 shortbow (weapon)
Armour
 c - a +0 leather armour (worn)
 h - a +0 pair of gloves (worn)
Scrolls
 b - a scroll of immolation
 f - 2 scrolls of blinking {unknown}
 j - a scroll of identify {unknown}
Potions
 d - a potion of resistance {unknown}
 e - a potion of curing {unknown}
 g - a potion of mutation {unknown}
 i - a potion of brilliance {unknown}


   Skills:
 - Level 2.0 Fighting
 + Level 5.3 Ranged Weapons
 - Level 2.1 Dodging
 - Level 1.0 Stealth


You had one spell level left.
You didn't know any spells.
Your spell library was empty.

Dungeon Overview and Level Annotations

Branches:
Dungeon (2/15)

Altars:

Annotations:
D:1 Natasha


Innate Abilities, Weirdness & Mutations

You have a beak for a mouth.
You have claws for feet.


Message History

A goblin comes into view. It is wielding a +0 dagger.
You shoot an arrow. The arrow closely misses Natasha.
The arrow barely misses the endoplasm.
A bat comes into view.
The bat hits you but does no damage.
The goblin unwields a +0 dagger.
The goblin wields a +0 sling.
The goblin shoots a sling bullet.
The sling bullet misses you.
You shoot an arrow. The arrow barely misses Natasha.
The arrow barely misses the quokka.
The arrow hits the endoplasm!
You kill the endoplasm!
The bat closely misses you. Natasha claws you. The bat closely misses you. x2
Natasha howls an incantation.
Natasha glows brightly for a moment.
Natasha closely misses you. The bat barely misses you.
The bat hits you but does no damage.
The goblin shoots a sling bullet.
The sling bullet hits you but does no damage.
Natasha claws you.
You climb upwards.
There is a stone staircase leading down here.
You shoot an arrow. The arrow closely misses Natasha.
The bat barely misses you. Natasha claws you but does no damage.
The bat hits you but does no damage.
You shoot an arrow. The arrow hits Natasha.
Natasha is moderately wounded.
The bat hits you. The bat hits you but does no damage.
Natasha mumbles some strange words.
The bat barely misses you.
You shoot an arrow.
The arrow hits Natasha but does no damage.
Natasha is moderately wounded.
The bat hits you but does no damage. The bat misses you.
The bat hits you but does no damage. Natasha closely misses you.
The crimson imp blinks!
You shoot an arrow. The arrow barely misses Natasha.
The bat closely misses you. The bat hits you but does no damage.
Natasha claws you. The bat barely misses you. Natasha casts a spell at you.
The magic dart hits you!
You die...

#....#.#.#.#
)........#.#
#.####.###.#
..#..#.###.#
.....#.#...#
###.##.#.#.#
#......#.#
####.############
#....5....ยง@h#
############b#
#.# #.# ###


You could see Natasha, a crimson imp (summoned) and a bat.

Vanquished Creatures
  2 ball pythons (D:1)
  2 endoplasms
  6 goblins
  A hobgoblin (D:1)
  A kobold (D:1)
  2 quokkas (D:1)
  2 bats (D:1)
  2 frilled lizards (D:1)
  2 rats (D:1)
20 creatures vanquished.

Notes
Turn   | Place    | Note
-------+----------+-------------------------------------------
     0 | D:1      | HoaS the Tengu Hunter began the quest for the Orb.
     0 | D:1      | Reached XP level 1. HP: 12/12 MP: 2/2
   263 | D:1      | Reached XP level 2. HP: 17/17 MP: 3/3
   477 | D:1      | Reached skill level 5 in Ranged Weapons
  1549 | D:2      | Noticed Natasha
  1557 | D:1      | Noticed a crimson imp
  1558 | D:1      | Killed from afar by Natasha

Illustrated notes

Levels and vault maps discovered:
D:1:      minmay_arrival_stair_chambers, layout_basic, st_stairs_14,
          minmay_pentomino_r4
D:2:      layout_rooms, serial_shops, nicolae_shop_advertising_works
          [nicolae_subvault_shop_adworks], st_stairs_11, uniq_terence,
          uniq_robin, uniq_natasha

Skill      XL: |  1  2 |
---------------+-------+-----
Ranged Weapons | 5 |  5.3
Fighting       | |  2.0
Dodging        | |  2.1
Stealth        | |  1.0

Action                   || total
-------------------------++-------
 Fire: Shortbow          ||    51
Armor: Leather armour    ||    13
Dodge: Dodged            ||    30

Table legend: (Time is in decaauts)
 A = Elapsed time spent in this place.
 B = Non-inter-level travel time spent in this place.
 C = Inter-level travel time spent in this place.
 D = Time resting spent in this place.
 E = Time spent auto-exploring this place.
 F = Levels seen in this place.
 G = Mean time per level.
                   A        B        C        D        E       F      G
               +--------+--------+--------+--------+--------+-----+--------+
         Total |   1573 |   1552 |     21 |    526 |    922 |   2 |  786.5 |
       Dungeon |   1573 |   1552 |     21 |    526 |    922 |   2 |  786.5 |
               +--------+--------+--------+--------+--------+-----+--------+

Top non-repeatable levels by time:
     D:1: 1567 daAuts
     D:2: 5 daAuts
